 Dungeon Crawl Stone Soup version 0.26.1-11-gd32895ea62 (webtiles) character file.

Game seed: 1074055901916255395

592 Descartes the Blocker (level 7, 0/52 HPs)
             Began as a Barachi Fighter on June 21, 2021.
             Slain by Pikel
             ... wielding a +2 whip of freezing
              (5 damage)
             ... on level 4 of the Dungeon on June 22, 2021.
             The game lasted 00:08:27 (4961 turns).

Descartes the Blocker (Barachi Fighter)             Turns: 4961, Time: 00:08:28

Health: 0/52       AC: 11    Str: 18    XL:     7   Next: 39%
Magic:  7/7        EV:  8    Int: 10    God:
Gold:   188        SH: 11    Dex: 11    Spells: 6/6 levels left

rFire    . . .     SeeInvis .   u - +2 falchion (vorpal)
rCold    . . .     Faith    .   c - +0 kite shield
rNeg     . . .     Spirit   .   b - +0 scale mail
rPois    .         Reflect  .   (no helmet)
rElec    .         Harm     .   q - +2 cloak
rCorr    +         Rampage  .   (no gloves)
Will     +....                  i - +0 pair of boots
Stlth    ..........             (no amulet)
HPRegen  0.57/turn              k - ring of willpower
MPRegen  0.10/turn              B - ring of resist corrosion

@: slow
A: +LOS, swims, regeneration 1, slowness 1, MP-powered wands, strong legs 1
a: Hop


You were on level 4 of the Dungeon.
You visited 1 branch of the dungeon, and saw 6 of its levels.

You collected 188 gold pieces.

Inventory:

Hand Weapons
 a - a +0 long sword
 u - a +2 vorpal falchion (weapon)
Missiles
 e - 104 stones
 h - 56 arrows
 j - 2 javelins
 t - 44 sling bullets
 w - 12 bolts
 y - 11 poisoned darts
Armour
 b - a +0 scale mail (worn)
 c - a +0 kite shield (worn)
 i - a +0 pair of boots (worn)
 q - a +2 cloak (worn)
Jewellery
 k - a ring of willpower (left hand)
 B - a ring of resist corrosion (right hand)
 C - an uncursed ring of flight
Wands
 s - a wand of paralysis (4)
Scrolls
 o - a scroll of magic mapping {unknown}
 v - a scroll of teleportation {unknown}
 x - a scroll of enchant armour {unknown}
 z - a scroll of amnesia {unknown}
 A - 2 scrolls of remove curse {unknown}
Potions
 d - 2 potions of might
 f - 2 potions of curing
 g - a potion of berserk rage
 l - 2 potions of degeneration
 m - 3 potions of flight
 p - a potion of lignification
 r - a potion of brilliance


   Skills:
 - Level 3.6 Fighting
 - Level 2.4 Long Blades
 - Level 3.6 Armour
 + Level 8.0 Shields
 + Level 3.9 Evocations


You had 6 spell levels left.
You didn't know any spells.
Your spell library was empty.

Dungeon Overview and Level Annotations

Branches:
Dungeon (6/15)
 Temple: D:4-7

Altars:

Annotations:
D:4 Pikel, Sigmund


Innate Abilities, Weirdness & Mutations

You can be seen from farther away. (+LOS)
You can swim through water.
You cover ground slowly.
You can hop short distances.
Your natural rate of healing is unusually fast.
You expend magic power (3 MP) to strengthen your wands.


Message History

* * * LOW HITPOINT WARNING * * *
You closely miss Pikel.
Pikel is severely wounded.
Pikel barely misses you.
You slash Pikel!
Pikel is almost dead.
Pikel hits you with a +2 whip of freezing.
* * * LOW HITPOINT WARNING * * *
Pikel freezes you.
* * * LOW HITPOINT WARNING * * *
You barely miss Pikel.
Pikel is almost dead.
Pikel hits you with a +2 whip of freezing.
* * * LOW HITPOINT WARNING * * *
Pikel freezes you.
* * * LOW HITPOINT WARNING * * *
You hit Pikel but do no damage.
Pikel is almost dead.
Pikel hits you with a +2 whip of freezing.
You die...

#.#.# ... #.#.#
#####.. #.#.###....#
# #.....'....+
#.#.###.#.###....#
#..........##....###
#...#..<............
#.#####.......######
#5K@..........'.....
#.#####.#.....######
# #.#####.#
#.#####.######
#.............
....##########.
....+ ...# ###


You could see Pikel and a lemure.

Vanquished Creatures
  An ogre (D:5)
  3 lemures
  A quasit (D:2)
  3 hounds
  An iguana (D:4)
  Jessica (D:2)
  Natasha (thrice) (D:3)
  2 worker ants (D:4)
  5 gnolls
  8 adders
  An ufetubus (D:5)
  2 worms
  6 dart slugs
  A leopard gecko (D:4)
  3 giant cockroaches
  6 goblins
  9 hobgoblins
  13 jackals
  A quokka (D:3)
  A ball python (D:3)
  8 bats
  3 frilled lizards
  6 kobolds
  6 rats
94 creatures vanquished.

Notes
Turn   | Place    | Note
-------+----------+-------------------------------------------
     0 | D:1      | Descartes the Barachi Fighter began the quest for the Orb.
     0 | D:1      | Reached XP level 1. HP: 18/18 MP: 1/1
   239 | D:1      | Reached XP level 2. HP: 22/24 MP: 2/2
   277 | D:1      | Reached skill level 4 in Shields
   342 | D:1      | Reached XP level 3. HP: 13/29 MP: 3/3
  1164 | D:1      | Reached skill level 5 in Shields
  1173 | D:2      | Noticed Jessica
  1178 | D:2      | Killed Jessica
  1179 | D:2      | Reached XP level 4. HP: 32/36 MP: 4/4
  1660 | D:2      | Reached skill level 6 in Shields
  1869 | D:2      | Reached XP level 5. HP: 41/41 MP: 5/5
  2641 | D:3      | You fall into a shaft and drop 3 floors!
  2658 | D:5      | Entered Level 5 of the Dungeon
  2841 | D:4      | Noticed Sigmund
  2855 | D:5      | Reached skill level 7 in Shields
  2855 | D:5      | Reached skill level 1 in Evocations
  2855 | D:5      | Reached XP level 6. HP: 45/47 MP: 6/6
  3449 | D:5      | HP: 2/47 [lemure[Pikel] (4)]
  3986 | D:4      | Reached XP level 7. HP: 45/52 MP: 7/7
  4665 | D:3      | Noticed Natasha
  4677 | D:3      | Killed Natasha
  4705 | D:3      | Noticed Natasha
  4711 | D:3      | Killed Natasha
  4712 | D:3      | Reached skill level 8 in Shields
  4873 | D:3      | Noticed Natasha
  4877 | D:3      | Killed Natasha
  4920 | D:3      | Gained mutation: Your natural rate of healing is unusually
                  | fast. [potion of mutation]
  4920 | D:3      | Gained mutation: You expend magic power (3 MP) to
                  | strengthen your wands. [potion of mutation]
  4937 | D:4      | Noticed Pikel
  4961 | D:4      | Slain by Pikel

Illustrated notes

Levels and vault maps discovered:
D:1:      saegor_arrival_miasma, layout_loops_ring
D:2:      layout_basic, uniq_jessica
D:3:      layout_basic, uniq_natasha
D:4:      layout_basic, serial_shops, nicolae_shop_waterfront,
          yredelemnul_altar_generic, uniq_pikel, uniq_duvessa, uniq_sigmund
D:5:      layout_basic, roderic_cross_of_infinity
D:6:      layout_rooms

Skill      XL: |  1  2  3  4  5  6  7 |
---------------+----------------------+-----
Shields        | 4 5 6 7 8 |  8.0
Evocations     | 1 3 |  3.9
Fighting       | |  3.6
Long Blades    | |  2.4
Armour         | |  3.6

Action                   |  1- 3 |  4- 6 |  7- 9 || total
-------------------------+-------+-------+-------++-------
Melee: Long sword        |    79 |   143 |       ||   222
       Falchion          |       |    89 |    79 ||   168
 Abil: Hop               |       |     1 |       ||     1
  Use: Potion            |       |     1 |     1 ||     2
       Scroll            |       |       |     6 ||     6
Armor: Scale mail        |    40 |   134 |    35 ||   209
Dodge: Dodged            |    19 |    94 |    21 ||   134
Block: Kite shield       |    40 |   135 |    39 ||   214
       Rpst.: Long sword |     5 |    12 |       ||    17
       Falchion          |       |    11 |     7 ||    18
